 Seeded DCSS version 0.30.1 (webtiles) character file.

Game seed: 2982770835899368061 (custom seed)

3 CInkIbrahim the Slasher (level 1, 0/19 HPs)
             Began as an Armataur Berserker on July 10, 2023.
             Was a Follower of Trog.
             Slain by a giant cockroach (2 damage)
             ... on level 1 of the Dungeon.
             The game lasted 00:00:09 (67 turns).

CInkIbrahim the Slasher (Armataur Berserker)          Turns: 67, Time: 00:00:09

Health: 0/19       AC:  4    Str: 22    XL:     1   Next: 41%
Magic:  1/1        EV:  9    Int:  7    God:    Trog [*.....]
Gold:   10         SH:  0    Dex:  9    Spells: 0/0 levels left

rFire   . . .        a - +0 falchion
rCold   . . .        (no shield)
rNeg    . . .        b - +0 animal skin
rPois   .            (no helmet)
rElec   .            (no cloak)
rCorr   .            (no gloves)
SInv    .            (no barding)
Will    .....        (no amulet)
Stlth   +            (no ring)
HPRegen 0.23/turn    (no ring)
MPRegen 0.07/turn

%: roll
@: no status effects
A: large, rugged brown scales 3, deformed body, armoured tail, roll, long
tongue, awkward tongue
a: Renounce Religion, Berserk


You were on level 1 of the Dungeon.
You worshipped Trog.
Trog was aware of your devotion.
You visited 1 branch of the dungeon, and saw 1 of its levels.

You collected 10 gold pieces.

Inventory:

Hand Weapons
 a - a +0 falchion (weapon)
Armour
 b - a +0 animal skin (worn)
Potions
 c - a potion of curing {unknown}


   Skills:
 - Level 2.6 Fighting
 + Level 2.9 Long Blades
 - Level 2.4 Armour
 - Level 1.3 Dodging


You couldn't memorise any spells.
You didn't know any spells.
Your spell library was empty.

Dungeon Overview and Level Annotations

Branches:
Dungeon (1/15)

Altars:


Innate Abilities, Weirdness & Mutations

You are completely covered in rugged brown scales. (AC +3, +7% HP)
Armour fits poorly on your strangely shaped body.
You have a long armoured tail.
You roll when moving toward enemies. (Rampage)
Your long tongue fully drains potion bottles. (2x potion effects)
Your tongue gives you trouble enunciating. (1.5x scroll delay)


Message History

The kobold hits you with a +0 dagger.
The giant cockroach bites you but does no damage.
Unknown command.
You hit the kobold.
The kobold is moderately wounded.
The quokka bites you but does no damage.
The kobold hits you but does no damage.
The giant cockroach bites you but does no damage.
The quokka bites you but does no damage.
You hit the kobold.
The kobold is severely wounded.
The kobold barely misses you. The giant cockroach barely misses you.
The quokka barely misses you.
You hit the kobold but do no damage.
The kobold is heavily wounded.
The giant cockroach bites you but does no damage.
The kobold hits you but does no damage.
The quokka bites you but does no damage.
The giant cockroach closely misses you.
You hit the kobold but do no damage.
The kobold is heavily wounded.
The quokka barely misses you. The kobold hits you with a +0 dagger.
The giant cockroach bites you.
* * * LOW HITPOINT WARNING * * *
The quokka barely misses you. The kobold barely misses you.
You hit the kobold but do no damage.
Your tail-slap misses the kobold.
The kobold is heavily wounded.
The giant cockroach barely misses you. The quokka closely misses you.
The kobold barely misses you.
You closely miss the kobold.
The kobold is heavily wounded.
The giant cockroach barely misses you. The quokka bites you.
* * * LOW HITPOINT WARNING * * *
The kobold barely misses you. The giant cockroach bites you.
* * * LOW HITPOINT WARNING * * *
You slash the kobold!
You kill the kobold!
Trog accepts your kill. The quokka completely misses you.
The giant cockroach bites you.
You die...

.........)#####.#
.......#........###..#
.......#.#..#####....# .
#......#.............#..
#......####..###........
......##.....###........
.......#..##.#.......#
..........#...†..B.#
.........##..#..@).#
.......#.........r.#
.......#..####.###.....
.......... #.. ......
... #.. ..... ... #...
..... #... .... #....
....


You could see a quokka and a giant cockroach.

Vanquished Creatures
  An endoplasm (D:1)
  A ball python (D:1)
  2 kobolds (D:1)
  A rat (D:1)
5 creatures vanquished.

Notes
Turn   | Place    | Note
-------+----------+-------------------------------------------
     0 | D:1      | CInkIbrahim the Armataur Berserker began the quest for the
                  | Orb.
     0 | D:1      | Reached XP level 1. HP: 19/19 MP: 1/1
    67 | D:1      | Slain by a giant cockroach

Illustrated notes

Levels and vault maps discovered:
D:1:      dpeg_arrival_solitude, layout_basic, serial_shops, shop,
          shop_fountains

Action                     || total
---------------------------++-------
  Melee: Falchion          ||    19
 Armour: Animal skin       ||    13
  Dodge: Dodged            ||    17
